HSSL
NEWPORT NEWS HS PAINTS @ TULSA HS AS
05/11/2028
 
TOP OF THE 1ST
Newport News HS Paints batting - Pitching for Tulsa HS As : RHP Tomás Granados
Pitching: RHP Tomás Granados
Batting: RHB Arthur Wilson 0-0: Called Strike
0-1: Ball
1-1: Called Strike
1-2: Ball
2-2: Fly out, F8 (Flyball, 78M)
Batting: RHB John Graham 0-0: Called Strike
0-1: Called Strike
0-2: Ball
1-2: Ball
2-2: Fly out, F8 (Flyball, 78M)
Batting: LHB Juan Ángel 0-0: Swinging Strike
0-1: Ball
1-1: Foul Ball, location: 2F
1-2: Ball
2-2: Fly out, F7 (Flyball, 7)
Top of the 1st over - 0 run(s), 0 hit(s), 0 error(s), 0 left on base; Newport News HS 0 - Tulsa HS 0
BOTTOM OF THE 1ST
Tulsa HS As batting - Pitching for Newport News HS Paints : RHP Dave O'Higgins
Pitching: RHP Dave O'Higgins
Batting: RHB Grant Kelly 0-0: Swinging Strike
0-1: Ball
1-1: Bunt for hit - play at first, batter OUT! 1-3
Batting: LHB Matt Clark 0-0: Ball
1-0: Called Strike
1-1: Foul Ball, location: 2F
1-2: Ball
2-2: Ball
3-2: SINGLE (Flyball, 8RS)
Batting: RHB Ralph Young Pickoff Throw to First - Out!
0-0: Swinging Strike
0-1: Ball
1-1: Ball
2-1: Ball
3-1: Called Strike
3-2: Ground out 5-3 (Groundball, 56)
Bottom of the 1st over - 0 run(s), 1 hit(s), 0 error(s), 0 left on base; Newport News HS 0 - Tulsa HS 0
TOP OF THE 2ND
Newport News HS Paints batting - Pitching for Tulsa HS As : RHP Tomás Granados
Batting: RHB Steve Cooper 0-0: Ball
1-0: Ground out 4-3 (Groundball, 4)
Batting: LHB Howard Anderson 0-0: Called Strike
0-1: Foul Ball, location: 2F
0-2: Foul Ball, location: 2F
0-2: Ball
1-2: Strikes out swinging
Batting: LHB Mark Wilson 0-0: Ball
1-0: Foul Ball, location: 2F
1-1: Foul Ball, location: 2F
1-2: Foul Ball, location: 2F
1-2: Ball
2-2: Foul Ball, location: 2F
2-2: Fly out, F9 (Flyball, 9LMF)
Top of the 2nd over - 0 run(s), 0 hit(s), 0 error(s), 0 left on base; Newport News HS 0 - Tulsa HS 0
BOTTOM OF THE 2ND
Tulsa HS As batting - Pitching for Newport News HS Paints : RHP Dave O'Higgins
Batting: SHB José Hernández 0-0: Called Strike
0-1: Ball
1-1: Ball
2-1: Ball
3-1: Base on Balls
Batting: LHB Tim Black 0-0: Called Strike
0-1: Ball
1-1: Foul Ball, location: 2F
1-2: Foul Ball, location: 2F
1-2: Ball
2-2: Foul Ball, location: 2F
2-2: Strikes out looking
Batting: LHB Chris Smith 0-0: Called Strike
0-1: Ball
1-1: Ball
2-1: Ball
3-1: Called Strike
3-2: Base on Balls
José Hernández to second
Batting: RHB Joe Lord 0-0: Reached on error, E3 (Groundball, 34)
José Hernández to third
Chris Smith to second
Batting: RHB Trent Rowe 0-0: Ball
1-0: Ball
2-0: Ball
3-0: Called Strike
3-1: Foul Ball, location: 2F
3-2: SINGLE (Line Drive, 89S)
José Hernández scores
Chris Smith to third
Joe Lord to second
Runner from 3rd tries for Home, SAFE, no throw
Batting: RHB C.J. Pinnock 0-0: Ball
1-0: Called Strike
1-1: Grounds into double play, 5-4-3 (Groundball, 56)
Bottom of the 2nd over - 2 run(s), 1 hit(s), 1 error(s), 1 left on base; Newport News HS 0 - Tulsa HS 2
TOP OF THE 3RD
Newport News HS Paints batting - Pitching for Tulsa HS As : RHP Tomás Granados
Batting: LHB Chris Martin 0-0: Swinging Strike
0-1: Called Strike
0-2: Strikes out swinging
Batting: RHB Brian Hoover 0-0: Foul Ball, location: 2F
0-1: Ball
1-1: Ball
2-1: Foul Ball, location: 2F
2-2: Foul Ball, location: 2F
2-2: Foul Ball, location: 2F
2-2: Foul Ball, location: 2F
2-2: Foul Ball, location: 2F
2-2: Ball
3-2: Foul Ball, location: 2F
3-2: Foul Ball, location: 2F
3-2: Ground out U3 (Groundball, 34)
Batting: RHB Lee Boswell 0-0: Called Strike
0-1: Ball
1-1: Foul Ball, location: 2F
1-2: Ground out 5-3 (Groundball, 5S)
Top of the 3rd over - 0 run(s), 0 hit(s), 0 error(s), 0 left on base; Newport News HS 0 - Tulsa HS 2
BOTTOM OF THE 3RD
Tulsa HS As batting - Pitching for Newport News HS Paints : RHP Dave O'Higgins
Batting: RHB Grant Kelly 0-0: Called Strike
0-1: SINGLE (Flyball, 78S)
Batting: LHB Matt Clark 0-0: Foul Ball, location: 2F
0-1: Ball
1-1: Ball
2-1: Foul Ball, location: 2F
2-2: Strikes out swinging
Batting: RHB Ralph Young 0-0: Called Strike
0-1: Foul Ball, location: 2F
0-2: Ball
1-2: Ball
2-2: Fielders Choice at 2nd, 1-4 (Groundball, 15)
Batting: SHB José Hernández 0-0: Ball
1-0: Called Strike
1-1: Ball
2-1: Foul Ball, location: 2F
2-2: Ground out 4-3 (Groundball, 34)
Bottom of the 3rd over - 0 run(s), 1 hit(s), 0 error(s), 1 left on base; Newport News HS 0 - Tulsa HS 2
TOP OF THE 4TH
Newport News HS Paints batting - Pitching for Tulsa HS As : RHP Tomás Granados
Batting: RHB Arthur Wilson 0-0: Foul Ball, location: 2F
0-1: Ball
1-1: Ball
2-1: Swinging Strike
2-2: Ground out 6-3 (Groundball, 6)
Batting: RHB John Graham 0-0: Swinging Strike
0-1: Ball
1-1: Ball
2-1: Swinging Strike
2-2: Ball
3-2: Foul Ball, location: 2F
3-2: Strikes out looking
Batting: LHB Juan Ángel 0-0: Called Strike
0-1: SOLO HOME RUN (Flyball, 89XD), Distance : 421 ft
Batting: RHB Steve Cooper 0-0: Swinging Strike
0-1: Foul Ball, location: 2F
0-2: Foul Ball, location: 2F
0-2: Ball
1-2: Foul Ball, location: 2F
1-2: Foul Ball, location: 2F
1-2: Strikes out swinging
Top of the 4th over - 1 run(s), 1 hit(s), 0 error(s), 0 left on base; Newport News HS 1 - Tulsa HS 2
BOTTOM OF THE 4TH
Tulsa HS As batting - Pitching for Newport News HS Paints : RHP Dave O'Higgins
Batting: LHB Tim Black 0-0: Foul Ball, location: 2F
0-1: Swinging Strike
0-2: Foul Ball, location: 2F
0-2: Ball
1-2: Strikes out swinging
Batting: LHB Chris Smith 0-0: Swinging Strike
0-1: Ball
1-1: Fly out, F9 (Flyball, 9)
Batting: RHB Joe Lord 0-0: Called Strike
0-1: Ball
1-1: Swinging Strike
1-2: Strikes out swinging
Bottom of the 4th over - 0 run(s), 0 hit(s), 0 error(s), 0 left on base; Newport News HS 1 - Tulsa HS 2
TOP OF THE 5TH
Newport News HS Paints batting - Pitching for Tulsa HS As : RHP Tomás Granados
Batting: LHB Howard Anderson 0-0: Ball
1-0: Swinging Strike
1-1: Ball
2-1: Swinging Strike
2-2: Ball
3-2: Hit by Pitch
Batting: LHB Mark Wilson 0-0: Called Strike
0-1: Foul Ball, location: 2F
0-2: Ball
1-2: Grounds into double play, 4-6-3 (Groundball, 34)
Batting: LHB Chris Martin 0-0: Ball
1-0: Ground out 4-3 (Groundball, 4)
Top of the 5th over - 0 run(s), 0 hit(s), 0 error(s), 0 left on base; Newport News HS 1 - Tulsa HS 2
BOTTOM OF THE 5TH
Tulsa HS As batting - Pitching for Newport News HS Paints : RHP Dave O'Higgins
Batting: RHB Trent Rowe 0-0: Ball
1-0: Ball
2-0: Ball
3-0: Base on Balls
Batting: RHB C.J. Pinnock 0-0: DOUBLE (Flyball, 9)
Trent Rowe to third
Batting: RHB Grant Kelly 0-0: Ball
1-0: Foul Ball, location: 2F
1-1: Foul Ball, location: 2F
1-2: Fly out, F8 (Flyball, 8RS)
Runner from 3rd tags up, SCORES, no throw
Pitching: RHP David Alomar
Batting: LHB Matt Clark 0-0: Called Strike
0-1: Foul Ball, location: 2F
0-2: Ball
1-2: Ball
2-2: Ball
3-2: Foul Ball, location: 2F
3-2: Fly out, F8 (Flyball, 8RM)
Batting: RHB Ralph Young 0-0: Ball
1-0: Ball
2-0: Called Strike
2-1: Ball
3-1: Base on Balls
Batting: SHB José Hernández 0-0: Fly out, F7 (Flyball, 7LSF)
Bottom of the 5th over - 1 run(s), 1 hit(s), 0 error(s), 2 left on base; Newport News HS 1 - Tulsa HS 3
TOP OF THE 6TH
Newport News HS Paints batting - Pitching for Tulsa HS As : RHP Tomás Granados
Pitching: RHP Raúl Díaz
Batting: RHB Brian Hoover 0-0: Ball
1-0: Ball
2-0: Swinging Strike
2-1: Foul Ball, location: 2F
2-2: Foul Ball, location: 2F
2-2: Ball
3-2: Base on Balls
Batting: RHB Lee Boswell 0-0: Called Strike
0-1: Ball
1-1: Foul Ball, location: 2F
1-2: SINGLE (Flyball, 8RM)
Brian Hoover to second
Batting: RHB Arthur Wilson 0-0: Ball
1-0: Foul Ball, location: 2F
1-1: Foul Ball, location: 2F
1-2: Ball
2-2: Ball
3-2: Strikes out swinging
Batting: RHB John Graham 0-0: Called Strike
0-1: Ball
1-1: Ball
2-1: Swinging Strike
2-2: Grounds into double play, 6-4-3 (Groundball, 6)
Top of the 6th over - 0 run(s), 1 hit(s), 0 error(s), 1 left on base; Newport News HS 1 - Tulsa HS 3
BOTTOM OF THE 6TH
Tulsa HS As batting - Pitching for Newport News HS Paints : RHP David Alomar
Batting: LHB Tim Black 0-0: Ball
1-0: Ball
2-0: Called Strike
2-1: Foul Ball, location: 2F
2-2: Ball
3-2: Base on Balls
Batting: LHB Chris Smith 0-0: Foul Ball, location: 2F
0-1: Ball
1-1: Ball
2-1: Ball
3-1: Grounds into double play, 6-4-3 (Groundball, 6)
Batting: RHB Joe Lord 0-0: Ball
1-0: Ground out 6-3 (Groundball, 6)
Bottom of the 6th over - 0 run(s), 0 hit(s), 0 error(s), 0 left on base; Newport News HS 1 - Tulsa HS 3
TOP OF THE 7TH
Newport News HS Paints batting - Pitching for Tulsa HS As : RHP Raúl Díaz
Batting: LHB Juan Ángel 0-0: Ball
1-0: Called Strike
1-1: Ball
2-1: Ball
3-1: Base on Balls
Batting: RHB Steve Cooper 0-0: Called Strike
0-1: Ball
1-1: Ball
2-1: Ball
3-1: Base on Balls
Juan Ángel to second
Pitching: LHP Jack Wells
Batting: LHB Howard Anderson 0-0: Called Strike
0-1: Ball
1-1: Called Strike
1-2: Ball
Error on foul ball, E5
2-2: Foul Ball, location: 2F
2-2: Hit by Pitch
Juan Ángel to third
Steve Cooper to second
Batting: LHB Mark Wilson 0-0: Swinging Strike
0-1: Called Strike
0-2: Foul Ball, location: 2F
0-2: Ball
1-2: Ball
2-2: Grounds into double play, 4-6-3 (Groundball, 4)
Juan Ángel scores
Steve Cooper to third
Pitching: LHP Keith Case
Batting: LHB Chris Martin 0-0: Foul Ball, location: 2F
0-1: Called Strike
0-2: Strikes out looking
Top of the 7th over - 1 run(s), 0 hit(s), 1 error(s), 1 left on base; Newport News HS 2 - Tulsa HS 3
BOTTOM OF THE 7TH
Tulsa HS As batting - Pitching for Newport News HS Paints : RHP David Alomar
Batting: RHB Trent Rowe 0-0: Ball
1-0: Swinging Strike
1-1: Ball
2-1: Ball
3-1: Foul Ball, location: 2F
3-2: Strikes out swinging
Batting: RHB C.J. Pinnock 0-0: Ball
1-0: Called Strike
1-1: Swinging Strike
1-2: Ball
2-2: DOUBLE (Line Drive, 7LM)
Batting: RHB Grant Kelly 0-0: Intentional Walk
Batting: LHB Matt Clark 0-0: Foul Ball, location: 2F
0-1: Foul Ball, location: 2F
0-2: Ball
Wild Pitch!
C.J. Pinnock to third
Grant Kelly to second
1-2: Ball
2-2: Ball
3-2: SINGLE (Groundball, 34D)
C.J. Pinnock scores
Grant Kelly to third
Batting: RHB Ralph Young 0-0: Called Strike
0-1: Foul Ball, location: 2F
0-2: SINGLE (Flyball, 9LM)
Grant Kelly scores
Matt Clark to second
Runner from 2nd tries for 3rd, SAFE, no throw
Pitching: RHP Bob Curtis
Batting: SHB José Hernández 0-0: Foul Ball, location: 2F
0-1: Called Strike
0-2: Ball
1-2: Strikes out looking
Batting: LHB Tim Black 0-0: Called Strike
0-1: Ball
1-1: Ball
2-1: Ball
3-1: Fly out, F9 (Flyball, 89S)
Bottom of the 7th over - 2 run(s), 3 hit(s), 0 error(s), 2 left on base; Newport News HS 2 - Tulsa HS 5
TOP OF THE 8TH
Newport News HS Paints batting - Pitching for Tulsa HS As : LHP Keith Case
Batting: RHB Brian Hoover 0-0: Ball
1-0: Ground out 4-3 (Groundball, 4)
Batting: RHB Lee Boswell 0-0: Swinging Strike
0-1: Swinging Strike
0-2: Strikes out looking
Batting: RHB Arthur Wilson 0-0: Ball
1-0: SINGLE (Groundball, 56D)
Pitching: RHP Gerald Bryant
Batting: RHB John Graham 0-0: Called Strike
0-1: Foul Ball, location: 2F
0-2: Ball
1-2: Strikes out looking
Top of the 8th over - 0 run(s), 1 hit(s), 0 error(s), 1 left on base; Newport News HS 2 - Tulsa HS 5
BOTTOM OF THE 8TH
Tulsa HS As batting - Pitching for Newport News HS Paints : RHP Bob Curtis
Batting: LHB Chris Smith 0-0: Ball
1-0: Ball
2-0: Fly out, F7 (Flyball, 78M)
Batting: RHB Joe Lord 0-0: Ball
1-0: Called Strike
1-1: Foul Ball, location: 2F
1-2: Strikes out swinging
Batting: RHB Trent Rowe 0-0: Fly out, F9 (Flyball, 9LSF)
Bottom of the 8th over - 0 run(s), 0 hit(s), 0 error(s), 0 left on base; Newport News HS 2 - Tulsa HS 5
TOP OF THE 9TH
Newport News HS Paints batting - Pitching for Tulsa HS As : RHP Gerald Bryant
Pitching: RHP Robby Harris
Batting: LHB Juan Ángel 0-0: Ball
1-0: Called Strike
1-1: Ball
2-1: Ball
3-1: Foul Ball, location: 2F
3-2: Fly out, F6 (Popup, 6MS)
Batting: RHB Steve Cooper 0-0: Called Strike
0-1: Swinging Strike
0-2: Fly out, F8 (Flyball, 8LM)
Batting: LHB Howard Anderson 0-0: Called Strike
0-1: Ball
1-1: Swinging Strike
1-2: Strikes out swinging
Top of the 9th over - 0 run(s), 0 hit(s), 0 error(s), 0 left on base; Newport News HS 2 - Tulsa HS 5
Tuesday, August 8th, 2017 - OOTP Baseball 17.12 Build 75